 Dungeon Crawl Stone Soup version 0.30-a0-852-g08b95dd62f (webtiles) character file.

Game seed: 13397779393508283546

100 demibob the Poker (level 4, -3/30 HPs)
             Began as a Demonspawn Wanderer on Mar 4, 2023.
             Was a Plaything of Xom.
             Slain by Terence
             ... wielding a +0 trident
              (9 damage)
             ... on level 2 of the Dungeon.
             The game lasted 00:02:17 (1257 turns).

demibob the Poker (Demonspawn Wanderer)             Turns: 1257, Time: 00:02:17

Health: -3/30      AC:  3    Str: 14    XL:     4   Next: 47%
Magic:  5/5        EV: 10    Int: 14    God:    Xom [..*...]
Gold:   63         SH:  4    Dex: 12    Spells: 4/5 levels left

rFire   . . .      SeeInvis .    a - +3 trident
rCold   . . .      Faith    .    b - +0 buckler
rNeg    . . .      Spirit   .    d - +0 leather armour
rPois   .          Reflect  .    (no helmet)
rElec   .          Rampage  .    (no cloak)
rCorr   .                        (no gloves)
Will    .....                    (no boots)
Stlth   +                        (no amulet)
HPRegen 0.25/turn                (no ring)
MPRegen 0.09/turn                (no ring)

@: flying
A: powered by death 1, demonic touch 1
a: Renounce Religion


You were on level 2 of the Dungeon.
You worshipped Xom.
You were a toy of Xom.
You visited 1 branch of the dungeon, and saw 2 of its levels.

You collected 63 gold pieces.


Innate Abilities, Weirdness & Mutations

You regenerate a little health from kills.
Your touch may inflict minor irresistible damage on your foes.


   Skills:
 + Level 5.4 Polearms
 - Level 1.0 Armour
 - Level 1.7 Shields
 - Level 1.0 Spellcasting
 - Level 1.0 Translocations
 - Level 1.0 Evocations


You had 4 spell levels left.
You knew the following spells:

 Your Spells              Type           Power      Damage    Failure   Level
a - Apportation           Tloc           6%         N/A       28%         1

Your spell library contained the following spells:

 Spells                   Type           Power      Damage    Failure   Level
 Portal Projectile        Hex/Tloc       4%         N/A       71%         3
 Borgnjor's Revivificati  Necr           0%         N/A       100%        8
 Necromutation            Tmut/Necr      0%         N/A       100%        8
 Death's Door             Necr           0%         N/A       100%        9

Inventory:

Hand Weapons
 a - a +3 trident (weapon)
Missiles
 f - 2 curare-tipped darts {=f}
Armour
 b - a +0 buckler (worn)
 d - a +0 leather armour (worn)
 g - a +0 pair of boots
Scrolls
 c - a scroll of teleportation {@r2}

Dungeon Overview and Level Annotations

Branches:
Dungeon (2/15)

Altars:
Xom

Shops:
D:2 (

Annotations:
D:2 Terence

## #. #.
##########.
########......)...
#........########.
#@########........
#.# #.#####.. #@#
#.# #.# #.# #.#
#.# #.# #.. ...
#.. .!. .######..
.........


You could see Terence.


Message History

Terence hits you from afar with a +0 trident.
* * * LOW HITPOINT WARNING * * *
Reach: a) +3 trident
Press: ? - help, Dir - move target, f/p - Terence
Aim: Terence, wielding a +0 trident and wearing a +3 chain mail (lightly wounded, about 31% to evade your +3 trident)
You reach to attack!
You hit Terence.
Terence is lightly wounded.
Terence closely misses you.
Reach: a) +3 trident
Press: ? - help, Dir - move target, f/p - Terence
Aim: Terence, wielding a +0 trident and wearing a +3 chain mail (lightly wounded, about 31% to evade your +3 trident)
You reach to attack!
You barely miss Terence.
Terence is lightly wounded. "See what I see, my child!"
You detect items!
Terence hits you but does no damage.
Reach: a) +3 trident
Press: ? - help, Dir - move target, f/p - Terence
Aim: Terence, wielding a +0 trident and wearing a +3 chain mail (lightly wounded, about 31% to evade your +3 trident)
You reach to attack!
You hit Terence but do no damage.
Terence is lightly wounded.
Terence hits you from afar with a +0 trident.
* * * LOW HITPOINT WARNING * * *
Reach: a) +3 trident
Press: ? - help, Dir - move target, f/p - Terence
Aim: Terence, wielding a +0 trident and wearing a +3 chain mail (lightly wounded, about 31% to evade your +3 trident)
You reach to attack!
You barely miss Terence.
Terence is lightly wounded.
Terence hits you from afar with a +0 trident!
You die...
Xom chortles!

Skill      XL: |  1  2  3 |
---------------+----------+-----
Polearms       | 4 5 |  5.4
Armour         | |  1.0
Shields        | |  1.7
Spellcasting   | |  1.0
Translocations | |  1.0
Evocations     | |  1.0

Action                     |  1- 3 |  4- 6 || total
---------------------------+-------+-------++-------
  Melee: Trident           |   100 |    29 ||   129
    Use: Scroll            |     5 |       ||     5
         Potion            |     1 |     1 ||     2
   Stab: Sleeping          |     1 |       ||     1
 Armour: Leather armour    |    17 |     7 ||    24
  Dodge: Dodged            |    39 |     5 ||    44
  Block: Buckler           |     9 |     5 ||    14

Levels and vault maps discovered:
D:1:      eino_arrival_tree_alley, layout_loops_corners,
          hellmonk_ecumenical_altar_zigzags
D:2:      layout_loops_ring, serial_shops, nicolae_shop_trees, shop,
          nicolae_square_shop, nicolae_shop_hallway_plus, uniq_terence,
          uniq_jessica, uniq_crazy_yiuf_cottage, uniq_sigmund

Notes
Turn   | Place    | Note
-------+----------+-------------------------------------------
     0 | D:1      | demibob the Demonspawn Wanderer began the quest for the
                  | Orb.
     0 | D:1      | demibob set off with the following items: a +0 trident, a
                  | +0 buckler, a scroll of teleportation {@r2}, a +0 leather
                  | armour; and the following spell memorised: Apportation; and
                  | the following spells available to memorise: Portal
                  | Projectile.
     0 | D:1      | Reached XP level 1. HP: 13/13 MP: 2/2
   210 | D:1      | Reached skill level 4 in Polearms
   254 | D:1      | Gained mutation: You regenerate a little health from kills.
                  | [demonic ancestry]
   254 | D:1      | Reached XP level 2. HP: 14/19 MP: 3/3
   411 | D:1      | Found a faded altar of an unknown god.
   422 | D:1      | Prayed at the altar of an unknown god.
   422 | D:1      | Became a worshipper of Xom of Chaos
   793 | D:1      | You feel monstrous as your demonic heritage exerts itself.
   793 | D:1      | Discovered your monstrous ancestry.
   793 | D:1      | Gained mutation: Your touch may inflict minor irresistible
                  | damage on your foes. [demonic ancestry]
   793 | D:1      | Reached XP level 3. HP: 23/24 MP: 4/4
   989 | D:2      | Noticed Jessica
  1010 | D:2      | Killed Jessica
  1011 | D:2      | Reached skill level 5 in Polearms
  1011 | D:2      | Reached XP level 4. HP: 20/30 MP: 5/5
  1057 | D:2      | Found Kogall's Weapon Shop.
  1242 | D:2      | Noticed Terence
  1255 | D:2      | XOM: divination: detect items
  1257 | D:2      | Slain by Terence

Vanquished Creatures
  Jessica (D:2)
  3 adders (D:2)
  2 dart slugs (D:2)
  3 ball pythons
  5 endoplasms
  A giant cockroach (D:1)
  4 goblins
  3 hobgoblins (D:1)
  4 jackals (D:1)
  7 kobolds (D:1)
  2 bats (D:1)
  3 frilled lizards (D:1)
  2 rats (D:1)
40 creatures vanquished.

Table legend: (Time is in decaauts)
 A = Elapsed time spent in this place.
 B = Non-inter-level travel time spent in this place.
 C = Inter-level travel time spent in this place.
 D = Time resting spent in this place.
 E = Time spent auto-exploring this place.
 F = Levels seen in this place.
 G = Mean time per level.
                   A        B        C        D        E       F      G
               +--------+--------+--------+--------+--------+-----+--------+
         Total |   1271 |   1216 |     55 |     97 |    849 |   2 |  635.5 |
       Dungeon |   1271 |   1216 |     55 |     97 |    849 |   2 |  635.5 |
               +--------+--------+--------+--------+--------+-----+--------+

Top non-repeatable levels by time:
     D:1: 970 daAuts
     D:2: 300 daAuts

Table legend:
 A = Non-vault XP
 B = Vault XP
 C = Vault XP percentage of total XP
 D = Non-vault monster count
 E = Vault monster count
 F = Vault count percentage of total count
                 A         B        C        D         E       F
            +---------+---------+-------+---------+---------+-------
      Total |     107 |      37 |  25.7 |      39 |       1 |   2.5
            +---------+---------+-------+---------+---------+-------
        D:1 |      51 |       0 |   0.0 |      30 |       0 |   0.0
        D:2 |      56 |      37 |  39.8 |       9 |       1 |  10.0
            +---------+---------+-------+---------+---------+-------
